 Dungeon Crawl Stone Soup version 0.25-b1-46-gb8a1ec05df (webtiles) character file.

Game seed: 13100264676378724329

153 Nixze the Slasher (level 5, 0/40 HPs)
             Began as a Demonspawn Gladiator on June 9, 2020.
             Killed by nerve-wracking pain
             ... invoked by Grinder
              (13 damage)
             ... on level 3 of the Dungeon.
             The game lasted 00:04:25 (2725 turns).

Nixze the Slasher (Demonspawn Gladiator)            Turns: 2725, Time: 00:04:26

Health: 0/40       AC: 15    Str: 16    XL:     5   Next: 12%
Magic:  5/5        EV:  7    Int:  9    God:
Gold:   40         SH:  0    Dex: 14    Spells: 4/4 levels left

rFire    . . .     SeeInvis .   a - +0 long sword
rCold    . . .     Gourm    .   (no shield)
rNeg     . . .     Faith    .   v - +0 chain mail
rPois    +         Spirit   .   c - +0 helmet
rElec    .         Reflect  .   (no cloak)
rCorr    .         Harm     .   (no gloves)
MR       .....                  (no boots)
Stlth    ..........             d - amulet of the acrobat
HPRegen  0.13/turn              n - +4 ring of protection
MPRegen  0.09/turn              u - ring of poison resistance

@: no status effects
A: claws 2, thin metallic scales 1, demonic guardian 1
a: no special abilities


You were on level 3 of the Dungeon.
You were not hungry.

You visited 1 branch of the dungeon, and saw 3 of its levels.

You collected 40 gold pieces.

Inventory:

Hand Weapons
 a - a +0 long sword (weapon)
Missiles
 b - 4 poisoned darts
 g - 2 throwing nets
 j - 67 stones (quivered)
Armour
 c - a +0 helmet (worn)
 k - a +0 tower shield
 v - a +0 chain mail (worn)
Jewellery
 d - an amulet of the acrobat (around neck)
 n - a +4 ring of protection (left claw)
 u - a ring of poison resistance (right claw)
 y - an uncursed ring of protection from magic {unknown}
Scrolls
 e - 6 scrolls of identify {unknown}
 i - a scroll of magic mapping {unknown}
 l - 2 scrolls of remove curse {unknown}
 s - 2 scrolls of teleportation {unknown}
 t - a scroll of amnesia {unknown}
Potions
 h - a potion of cancellation {unknown}
 m - a potion of invisibility {unknown}
 o - 2 potions of berserk rage {unknown}
 p - a potion of curing {unknown}
 q - a potion of magic {unknown}
 r - a potion of heal wounds {unknown}
 w - a potion of haste
Comestibles
 f - 8 rations
 x - 2 chunks of flesh


   Skills:
 + Level 2.8 Fighting
 * Level 3.7 Long Blades
 - Level 1.7 Throwing
 + Level 1.2 Armour
 - Level 2.8 Dodging
 + Level 1.4 Stealth
 * Level 1.7 Shields


You had 4 spell levels left.
You didn't know any spells.
Your spell library was empty.

Dungeon Overview and Level Annotations

Branches:
Dungeon (3/15)

Altars:

Annotations:
D:3 Grinder


Innate Abilities, Weirdness & Mutations

You have very sharp fingernails.
You are partially covered in thin metallic scales. (AC +2)
A weak demonic guardian rushes to your aid.


Message History

Anything else - Cancel.
Gang up on whom?
Press: ? - help, Dir - move target cursor, f - Grinder
Aim: Grinder (severely wounded) Attack!
The bat hits you but does no damage. x2; Your ufetubus hits Grinder. x2
You closely miss Grinder.
Grinder is almost dead.
The bat hits you but does no damage.
Your ufetubus hits Grinder. x2
Grinder hits your ufetubus.
Your ufetubus barely misses Grinder.
Your ufetubus hits Grinder.
Grinder says, "I used to sell toenails on the black market."
Grinder closely misses your ufetubus.
Your chain mail prevents you from hitting Grinder.
Grinder is almost dead.
The bat hits you but does no damage.
Your ufetubus hits Grinder but does no damage.
Your ufetubus hits Grinder. Grinder gestures at you.
Pain shoots through your body!
You die...

#.####.....#.# .. #.
#.......##.#.#
..##.###.########.#.#
................>.#.#
..........####.##.#.####
..........# #.##.#.##..
......b...####.##.#.##.#
.....55...........#....#
.......@..####.####....#
..........####.####....#
#######.#......รท..#.##.#
#.#.####.##.#.##.# .......
#.#.####.##.#.##.# .......
#.............##.#
.......#######......#.##.####.#
.............#......#.##......#
.............#......#.#########


You could see Grinder, a bat and a friendly ufetubus (summoned).

Vanquished Creatures
  A hound (D:3)
  4 adders
  An ooze (D:1)
  2 worms
  2 dart slugs
  2 leopard geckos (D:1)
  4 orcs (D:3)
  6 giant cockroaches
  7 hobgoblins
  4 jackals (D:2)
  A quokka (D:3)
  9 bats
  11 goblins
  5 kobolds
  2 rats
61 creatures vanquished.

Vanquished Creatures (collateral kills)
  A dart slug (D:3)
  A rat (D:3)
2 creatures vanquished.

Grand Total: 63 creatures vanquished

Notes
Turn   | Place    | Note
-------+----------+-------------------------------------------
     0 | D:1      | Nixze the Demonspawn Gladiator began the quest for the Orb.
     0 | D:1      | Reached XP level 1. HP: 16/16 MP: 1/1
   291 | D:1      | Gained mutation: A weak demonic guardian rushes to your
                  | aid. [demonic ancestry]
   291 | D:1      | Reached XP level 2. HP: 22/22 MP: 2/2
   367 | D:1      | Reached skill level 3 in Long Blades
   982 | D:1      | Gained mutation: You are partially covered in thin metallic
                  | scales. (AC +2) [demonic ancestry]
   982 | D:1      | Reached XP level 3. HP: 27/27 MP: 3/3
  1717 | D:2      | Reached skill level 1 in Stealth
  1717 | D:2      | Reached skill level 1 in Shields
  1803 | D:2      | Gained mutation: You have sharp fingernails. [demonic
                  | ancestry]
  1803 | D:2      | Reached XP level 4. HP: 34/34 MP: 4/4
  2186 | D:3      | Reached skill level 1 in Armour
  2431 | D:3      | Gained mutation: You have very sharp fingernails. [demonic
                  | ancestry]
  2431 | D:3      | Reached XP level 5. HP: 29/40 MP: 5/5
  2703 | D:3      | Noticed Grinder
  2717 | D:3      | Paralysed by Grinder for 6 turns
  2725 | D:3      | Killed from afar by Grinder

Illustrated notes

Levels and vault maps discovered:
D:1:      scummos_arrival_star, layout_loops_corners, st_stairs_12,
          corexii_leaking_fountain, minivault_24
D:2:      layout_basic, grunt_decor_mini_mirrors
D:3:      layout_basic, uniq_grinder

Skill      XL: |  1  2  3  4 |
---------------+-------------+-----
Long Blades    | 3 |  3.7
Stealth        | 1 |  1.4
Shields        | 1 |  1.7
Armour         | 1 |  1.2
Fighting       | |  2.8
Throwing       | |  1.7
Dodging        | |  2.8

Action                   |  1- 3 |  4- 6 || total
-------------------------+-------+-------++-------
Melee: Long sword        |   103 |   104 ||   207
Throw: Stone             |    28 |       ||    28
       Throwing net      |     3 |       ||     3
 Stab: Distracted        |       |     1 ||     1
  Eat: Chunk             |     3 |     3 ||     6
Armor: Leather armour    |    33 |       ||    33
       Chain mail        |    13 |    91 ||   104
Dodge: Dodged            |    73 |    43 ||   116
       Rpst.: Long sword |    22 |    13 ||    35
